ESL (28 & UNDER)
MINNESOTA MANBEARPIGS @ RIO GRANDE RATTLESNAKE
04/17/2030
 
TOP OF THE 1ST
Minnesota ManBearPigs batting - Pitching for Rio Grande Rattlesnake : RHP Chris Carpenter
Pitching: RHP Chris Carpenter
Batting: RHB Álex Martínez 0-0: Called Strike
0-1: Ball
1-1: Foul Ball, location: 2F
1-2: Foul Ball, location: 2F
1-2: Foul Ball, location: 2F
1-2: Fly out, F8 (Line Drive, 89S)
Batting: LHB Pedro Escobar 0-0: Fly out, F2 (Popup, 23F)
Batting: RHB James Hunter 0-0: Called Strike
0-1: Ball
1-1: Swinging Strike
1-2: Foul Ball, location: 2F
1-2: Strikes out swinging
Top of the 1st over - 0 runs, 0 hits, 0 errors, 0 left on base; Minnesota 0 - Rio Grande 0
BOTTOM OF THE 1ST
Rio Grande Rattlesnake batting - Pitching for Minnesota ManBearPigs : LHP Alberto Galindo
Pitching: LHP Alberto Galindo
Batting: LHB José Garza 0-0: Ball
1-0: Called Strike
1-1: Foul Ball, location: 2F
1-2: Strikes out swinging
Batting: RHB David Suarze 0-0: Ball
1-0: Ball
2-0: Called Strike
2-1: Ball
3-1: Called Strike
3-2: Foul Ball, location: 2F
3-2: SINGLE (Groundball, 6MD)
Batting: RHB Jeff Bane 0-0: Called Strike
0-1: Ball
1-1: Swinging Strike
1-2: Ball
David Suarze steals 2nd base
2-2: Ball
3-2: Base on Balls
Batting: LHB Claudio Rodríguez 0-0: SINGLE (Groundball, 34D)
David Suarze to third
Jeff Bane to second
Runner from 3rd tries for Home, SAFE, throw made home
Batting: RHB Gary Thomas 0-0: Ball
1-0: Ball
Jeff Bane is caught stealing 3rd base
2-0: Ball
3-0: Called Strike
3-1: SINGLE (Groundball, 6MD)
Claudio Rodríguez to second
Batting: SHB Arnold Moore 0-0: Ball
1-0: Foul Ball, location: 2F
1-1: Fly out, F6 (Popup, 6M)
Bottom of the 1st over - 1 run, 3 hits, 0 errors, 2 left on base; Minnesota 0 - Rio Grande 1
TOP OF THE 2ND
Minnesota ManBearPigs batting - Pitching for Rio Grande Rattlesnake : RHP Chris Carpenter
Batting: RHB Jaime Hernández 0-0: Ground out 6-3 (Groundball, 6)
Batting: LHB Greg MacCanish 0-0: Called Strike
0-1: Foul Ball, location: 2F
0-2: Ground out 3-1 (Groundball, 34)
Batting: SHB Darrel Lang 0-0: Called Strike
0-1: Fly out, F8 (Flyball, 8RM)
Top of the 2nd over - 0 runs, 0 hits, 0 errors, 0 left on base; Minnesota 0 - Rio Grande 1
BOTTOM OF THE 2ND
Rio Grande Rattlesnake batting - Pitching for Minnesota ManBearPigs : LHP Alberto Galindo
Batting: LHB Pedro Díaz 0-0: Foul Ball, location: 2F
0-1: Ball
1-1: Swinging Strike
1-2: Strikes out swinging
Batting: RHB Doug Delaney 0-0: Ball
1-0: Ball
2-0: Ball
3-0: Called Strike
3-1: Foul Ball, location: 2F
3-2: SINGLE (Groundball, 6MD)
Batting: RHB Derek Hartman 0-0: Ball
1-0: Ball
2-0: Ball
3-0: Called Strike
3-1: Swinging Strike
3-2: Foul Ball, location: 2F
3-2: SINGLE (Groundball, 56D)
Doug Delaney to second
Batting: LHB José Garza 0-0: Swinging Strike
0-1: Ball
1-1: Fly out, F5 (Line Drive, 5)
Batting: RHB David Suarze 0-0: Ball
1-0: Ball
2-0: Ball
3-0: Called Strike
3-1: Called Strike
3-2: Base on Balls
Doug Delaney to third
Derek Hartman to second
Batting: RHB Jeff Bane 0-0: Ball
1-0: Swinging Strike
1-1: Called Strike
1-2: SINGLE (Groundball, 56D)
Doug Delaney scores
Derek Hartman to third
David Suarze to second
Batting: LHB Claudio Rodríguez 0-0: Ball
1-0: SINGLE (Groundball, 4D)
Derek Hartman scores
David Suarze to third
Jeff Bane to second
Runner from 3rd tries for Home, SAFE, no throw
Pitching: RHP Gabriel McDaniel
Batting: RHB Gary Thomas 0-0: SINGLE (Groundball, 56D)
Jeff Bane to third
Claudio Rodríguez to second
Runner from 3rd tries for Home, SAFE, no throw
Batting: SHB Arnold Moore 0-0: Ball
1-0: Called Strike
1-1: Foul Ball, location: 2F
1-2: Ball
2-2: Foul Ball, location: 2F
2-2: Ball
3-2: Base on Balls
Claudio Rodríguez to third
Gary Thomas to second
Batting: LHB Pedro Díaz 0-0: Called Strike
0-1: Foul Ball, location: 2F
0-2: Ball
1-2: Ball
2-2: Foul Ball, location: 2F
2-2: Foul Ball, location: 2F
2-2: Strikes out swinging
Bottom of the 2nd over - 4 runs, 5 hits, 0 errors, 3 left on base; Minnesota 0 - Rio Grande 5
TOP OF THE 3RD
Minnesota ManBearPigs batting - Pitching for Rio Grande Rattlesnake : RHP Chris Carpenter
Batting: LHB Colm Massey 0-0: Ball
1-0: Swinging Strike
1-1: Ball
2-1: Ball
3-1: Base on Balls
Batting: RHB Ánibal Soto 0-0: Ball
1-0: Grounds into double play, 3-6-3 (Groundball, 3)
Batting: RHB Juan Trujillo 0-0: Ball
1-0: Ball
2-0: Ball
3-0: Called Strike
3-1: Called Strike
3-2: Foul Ball, location: 2F
3-2: Base on Balls
Batting: RHB Álex Martínez 0-0: Ball
1-0: Fly out, F7 (Line Drive, 7D)
Top of the 3rd over - 0 runs, 0 hits, 0 errors, 1 left on base; Minnesota 0 - Rio Grande 5
BOTTOM OF THE 3RD
Rio Grande Rattlesnake batting - Pitching for Minnesota ManBearPigs : RHP Gabriel McDaniel
Batting: RHB Doug Delaney 0-0: Foul Ball, location: 2F
0-1: DOUBLE (Line Drive, 89D)
Batting: RHB Derek Hartman 0-0: Ball
1-0: Called Strike
1-1: Swinging Strike
1-2: Ball
2-2: SINGLE (Groundball, 6MD)
Doug Delaney to third
Batting: LHB José Garza 0-0: Foul Ball, location: 2F
0-1: Swinging Strike
0-2: Strikes out swinging
Batting: RHB David Suarze 0-0: Foul Ball, location: 2F
0-1: Ball
1-1: Ball
2-1: Ball
3-1: Base on Balls
Derek Hartman to second
Batting: RHB Jeff Bane 0-0: Foul Ball, location: 2F
0-1: Ball
1-1: Ball
2-1: SINGLE (Line Drive, 7S)
Doug Delaney scores
Derek Hartman to third
David Suarze to second
Batting: LHB Claudio Rodríguez 0-0: Ball
1-0: Ball
2-0: Called Strike
2-1: GRAND SLAM HOME RUN (Flyball, 7LD), Distance : 332 ft
Batting: RHB Gary Thomas 0-0: Called Strike
0-1: Ground out 5-3 (Groundball, 56)
Batting: SHB Arnold Moore 0-0: Called Strike
0-1: Ball
1-1: Ball
2-1: Swinging Strike
2-2: Strikes out swinging
Bottom of the 3rd over - 5 runs, 4 hits, 0 errors, 0 left on base; Minnesota 0 - Rio Grande 10
TOP OF THE 4TH
Minnesota ManBearPigs batting - Pitching for Rio Grande Rattlesnake : RHP Chris Carpenter
Batting: LHB Pedro Escobar 0-0: Ground out 6-3 (Groundball, 6M)
Batting: RHB James Hunter 0-0: Ball
1-0: Ground out 5-3 (Groundball, 5)
Batting: RHB Jaime Hernández 0-0: Ball
1-0: Ground out 5-3 (Groundball, 5)
Top of the 4th over - 0 runs, 0 hits, 0 errors, 0 left on base; Minnesota 0 - Rio Grande 10
BOTTOM OF THE 4TH
Rio Grande Rattlesnake batting - Pitching for Minnesota ManBearPigs : RHP Gabriel McDaniel
Batting: LHB Pedro Díaz 0-0: Called Strike
0-1: Ball
1-1: Ground out U3 (Groundball, 3)
Batting: RHB Doug Delaney 0-0: Ball
1-0: Ball
2-0: Ball
3-0: Swinging Strike
3-1: Foul Ball, location: 2F
3-2: Strikes out looking
Batting: RHB Derek Hartman 0-0: Called Strike
0-1: Foul Ball, location: 2F
0-2: Strikes out swinging
Bottom of the 4th over - 0 runs, 0 hits, 0 errors, 0 left on base; Minnesota 0 - Rio Grande 10
TOP OF THE 5TH
Minnesota ManBearPigs batting - Pitching for Rio Grande Rattlesnake : RHP Chris Carpenter
Batting: LHB Greg MacCanish 0-0: Ball
1-0: SINGLE (Groundball, 6MD)
Batting: SHB Darrel Lang 0-0: Ball
1-0: Fly out, F4 (Popup, 4MS)
Batting: LHB Colm Massey 0-0: Ball
1-0: Ball
2-0: Called Strike
2-1: Foul Ball, location: 2F
2-2: Ball
3-2: Base on Balls
Greg MacCanish to second
Batting: RHB Ánibal Soto 0-0: Ball
1-0: Called Strike
1-1: Called Strike
1-2: SINGLE (Line Drive, 7S)
Greg MacCanish to third
Colm Massey to second
Batting: RHB Juan Trujillo 0-0: Called Strike
0-1: Swinging Strike
0-2: SINGLE (Line Drive, 56)
Greg MacCanish scores
Colm Massey to third
Ánibal Soto to second
Batting: RHB Álex Martínez 0-0: Ball
1-0: Ball
2-0: Ground out U3 (Groundball, 3S)
Colm Massey scores
Ánibal Soto to third
Juan Trujillo to second
Batting: LHB Pedro Escobar 0-0: Ball
1-0: Called Strike
1-1: Ball
2-1: Swinging Strike
2-2: Fly out, F9 (Flyball, 9)
Top of the 5th over - 2 runs, 3 hits, 0 errors, 2 left on base; Minnesota 2 - Rio Grande 10
BOTTOM OF THE 5TH
Rio Grande Rattlesnake batting - Pitching for Minnesota ManBearPigs : RHP Gabriel McDaniel
Batting: LHB José Garza 0-0: Called Strike
0-1: Ball
1-1: Foul Ball, location: 2F
1-2: Ground out 4-3 (Groundball, 4)
Batting: RHB David Suarze 0-0: Foul Ball, location: 2F
0-1: Ground out 6-3 (Groundball, 6)
Batting: RHB Jeff Bane 0-0: Ball
1-0: Called Strike
1-1: SINGLE (Line Drive, 9S)
Batting: LHB Claudio Rodríguez 0-0: Ball
1-0: Ball
2-0: Foul Ball, location: 2F
2-1: Foul Ball, location: 2F
2-2: 2-RUN HOME RUN (Flyball, 89XD), Distance : 386 ft
Batting: RHB Gary Thomas 0-0: Ball
1-0: Fly out, F8 (Flyball, 8RXD)
Bottom of the 5th over - 2 runs, 2 hits, 0 errors, 0 left on base; Minnesota 2 - Rio Grande 12
TOP OF THE 6TH
Minnesota ManBearPigs batting - Pitching for Rio Grande Rattlesnake : RHP Chris Carpenter
Batting: RHB James Hunter 0-0: Called Strike
0-1: Foul Ball, location: 2F
0-2: Fly out, F9 (Flyball, 9S)
Batting: RHB Jaime Hernández 0-0: Swinging Strike
0-1: Ball
1-1: Foul Ball, location: 2F
1-2: Ball
2-2: Single, Error in OF, E8, batter to second base
Batting: LHB Greg MacCanish 0-0: Foul Ball, location: 2F
0-1: Foul Ball, location: 2F
0-2: Ball
1-2: Strikes out swinging
Pitching: RHP Nelson Britt
Batting: SHB Darrel Lang 0-0: Ball
1-0: Ground out U3 (Groundball, 34)
Top of the 6th over - 0 runs, 1 hit, 1 error, 1 left on base; Minnesota 2 - Rio Grande 12
BOTTOM OF THE 6TH
Rio Grande Rattlesnake batting - Pitching for Minnesota ManBearPigs : RHP Gabriel McDaniel
Pitching: RHP Matt Stevenson
Batting: SHB Arnold Moore 0-0: Called Strike
0-1: SINGLE (Groundball, 34D)
Batting: LHB Pedro Díaz 0-0: Swinging Strike
0-1: Reached on error, E3 (Groundball, 34S)
Arnold Moore to second
Batting: RHB Doug Delaney 0-0: Ball
1-0: SINGLE (Flyball, 7S)
Arnold Moore to third
Pedro Díaz to second
Batting: RHB Derek Hartman 0-0: Called Strike
0-1: SINGLE (Flyball, 9LM)
Arnold Moore scores
Pedro Díaz to third
Doug Delaney to second
Batting: LHB José Garza 0-0: Foul Ball, location: 2F
0-1: Called Strike
0-2: Ball
1-2: Ball
2-2: Ball
3-2: Base on Balls
Pedro Díaz scores
Doug Delaney to third
Derek Hartman to second
Batting: RHB David Suarze 0-0: Foul Ball, location: 2F
0-1: Called Strike
0-2: Ball
1-2: Ball
2-2: Grounds into double play, 3-6-3 (Groundball, 3)
Doug Delaney scores
Derek Hartman to third
Batting: RHB Jeff Bane 0-0: Fly out, F9 (Flyball, 89D)
Bottom of the 6th over - 3 runs, 3 hits, 1 error, 1 left on base; Minnesota 2 - Rio Grande 15
TOP OF THE 7TH
Minnesota ManBearPigs batting - Pitching for Rio Grande Rattlesnake : RHP Nelson Britt
Batting: LHB Colm Massey 0-0: Ball
1-0: Ball
2-0: Foul Ball, location: 2F
2-1: Ground out 1-3 (Groundball, P)
Batting: RHB Ánibal Soto 0-0: Ball
1-0: Swinging Strike
1-1: Foul Ball, location: 2F
1-2: Ground out U3 (Groundball, 34)
Batting: RHB Juan Trujillo 0-0: Called Strike
0-1: Called Strike
0-2: Foul Ball, location: 2F
0-2: Ball
1-2: Strikes out looking
Top of the 7th over - 0 runs, 0 hits, 0 errors, 0 left on base; Minnesota 2 - Rio Grande 15
BOTTOM OF THE 7TH
Rio Grande Rattlesnake batting - Pitching for Minnesota ManBearPigs : RHP Matt Stevenson
Batting: LHB Claudio Rodríguez 0-0: Foul Ball, location: 2F
0-1: Called Strike
0-2: Ball
1-2: Foul Ball, location: 2F
1-2: Strikes out swinging
Batting: RHB Gary Thomas 0-0: Foul Ball, location: 2F
0-1: Swinging Strike
0-2: Fly out, F8 (Flyball, 8LM)
Batting: SHB Arnold Moore 0-0: Ball
1-0: Ball
2-0: Fly out, F8 (Flyball, 89M)
Bottom of the 7th over - 0 runs, 0 hits, 0 errors, 0 left on base; Minnesota 2 - Rio Grande 15
TOP OF THE 8TH
Minnesota ManBearPigs batting - Pitching for Rio Grande Rattlesnake : RHP Nelson Britt
Batting: RHB Álex Martínez 0-0: Called Strike
0-1: Ball
1-1: Foul Ball, location: 2F
1-2: Fly out, F9 (Flyball, 9)
Batting: LHB Pedro Escobar 0-0: Foul Ball, location: 2F
0-1: Ball
1-1: Ball
2-1: TRIPLE (Line Drive, 9LD)
Batting: RHB James Hunter 0-0: Ball
1-0: Ball
2-0: Called Strike
2-1: Ball
3-1: Foul Ball, location: 2F
3-2: Foul Ball, location: 2F
3-2: Base on Balls
Batting: RHB Jaime Hernández 0-0: Ball
1-0: 3-RUN HOME RUN (Flyball, 9D), Distance : 355 ft
Batting: LHB Greg MacCanish 0-0: Ball
1-0: Swinging Strike
1-1: Swinging Strike
1-2: Foul Ball, location: 2F
1-2: Strikes out swinging
Batting: SHB Darrel Lang 0-0: Foul Ball, location: 2F
0-1: Swinging Strike
0-2: Ball
1-2: Foul Ball, location: 2F
1-2: Ball
2-2: Ball
3-2: Foul Ball, location: 2F
3-2: Strikes out looking
Top of the 8th over - 3 runs, 2 hits, 0 errors, 0 left on base; Minnesota 5 - Rio Grande 15
BOTTOM OF THE 8TH
Rio Grande Rattlesnake batting - Pitching for Minnesota ManBearPigs : RHP Matt Stevenson
Batting: LHB Pedro Díaz 0-0: Ball
1-0: Swinging Strike
1-1: Ball
2-1: Foul Ball, location: 2F
2-2: Ball
3-2: Base on Balls
Batting: RHB Doug Delaney 0-0: Ball
1-0: Called Strike
1-1: Ball
2-1: DOUBLE (Line Drive, 78D)
Pedro Díaz to third
Batting: RHB Derek Hartman 0-0: Ball
1-0: Ball
2-0: Ball
3-0: Base on Balls
Pinch Hitting: LHB Justin Holland 0-0: Ball
1-0: Ball
Wild Pitch!
Pedro Díaz scores
Doug Delaney to third
Derek Hartman to second
2-0: Foul Ball, location: 2F
2-1: Foul Ball, location: 2F
2-2: Ball
3-2: Fly out, F9 (Flyball, 9D)
Runner from 3rd tags up, SCORES, no throw
Derek Hartman to third
Batting: RHB David Suarze 0-0: Ball
1-0: Ball
Wild Pitch!
Derek Hartman scores
2-0: Called Strike
2-1: Foul Ball, location: 2F
2-2: Fly out, F9 (Flyball, 89S)
Batting: RHB Jeff Bane 0-0: Called Strike
0-1: Swinging Strike
0-2: Ball
1-2: Fly out, F6 (Line Drive, 6)
Bottom of the 8th over - 3 runs, 1 hit, 0 errors, 0 left on base; Minnesota 5 - Rio Grande 18
TOP OF THE 9TH
Minnesota ManBearPigs batting - Pitching for Rio Grande Rattlesnake : RHP Nelson Britt
Now at C: Cristián Román
Now at SS: Geomar Dalsoglio
Now in RF: Justin Holland
Batting: LHB Colm Massey 0-0: Ball
1-0: Foul Ball, location: 2F
1-1: Ball
2-1: Called Strike
2-2: Foul Ball, location: 2F
2-2: Foul Ball, location: 2F
2-2: Ball
3-2: Base on Balls
Batting: RHB Ánibal Soto 0-0: Ball
1-0: SINGLE (Line Drive, 89S)
Colm Massey to second
Pitching: RHP Sterling Caldwell
Batting: RHB Juan Trujillo 0-0: Ball
1-0: Called Strike
1-1: Foul Ball, location: 2F
1-2: Ball
2-2: Strikes out swinging
Batting: RHB Álex Martínez 0-0: Called Strike
0-1: Ball
1-1: Ball
2-1: Ball
3-1: Base on Balls
Colm Massey to third
Ánibal Soto to second
Batting: LHB Pedro Escobar 0-0: GRAND SLAM HOME RUN (Line Drive, 89XD), Distance : 386 ft
Batting: RHB James Hunter 0-0: Called Strike
0-1: Ball
1-1: Foul Ball, location: 2F
1-2: Ball
2-2: Strikes out swinging
Batting: RHB Jaime Hernández 0-0: Ball
1-0: Fly out, F9 (Flyball, 9S)
Top of the 9th over - 4 runs, 2 hits, 0 errors, 0 left on base; Minnesota 9 - Rio Grande 18
Saturday, April 7th, 2018 - OOTP Baseball 18.8 Build 76